 Dungeon Crawl Stone Soup version 0.31-a0-237-g2d982f9f85 (webtiles) character file.

Game seed: 14686159311561947697

686 qw the Shooter (level 7, 0/61 HPs)
             Began as a Minotaur Hexslinger on July 11, 2023.
             Succumbed to a scorpion's poison
             ... on level 5 of the Dungeon.
             The game lasted 00:01:25 (3764 turns).

qw the Shooter (Minotaur Hexslinger)                Turns: 3764, Time: 00:01:26

Health: 0/61       AC:  5    Str: 13    XL:     7   Next: 35%
Magic:  7/7        EV: 11    Int: 10    God:
Gold:   167        SH:  0    Dex: 14    Spells: 7/8 levels left

rFire   . . .        Y - +1 sling
rCold   . . .        (no shield)
rNeg    . . .        h - +0 ring mail
rPois   .            (helmet restricted)
rElec   .            (no cloak)
rCorr   .            (no gloves)
SInv    .            (no boots)
Will    +....        (no amulet)
Stlth   +            c - ring of willpower
HPRegen 0.30/turn    (no ring)
MPRegen 0.10/turn

%: no passive effects
@: lethally poisoned (0 -> -13)
A: horns 2, retaliatory headbutt
a: no special abilities


You were on level 5 of the Dungeon.
You visited 2 branches of the dungeon, and saw 6 of its levels.

You collected 167 gold pieces.


Innate Abilities, Weirdness & Mutations

You have a pair of horns on your head.
You reflexively headbutt those who attack you in melee.


   Skills:
 - Level 5.6 Fighting
 + Level 7.3 Ranged Weapons
 - Level 1.4 Armour
 - Level 2.1 Dodging
 - Level 1.0 Spellcasting
 - Level 2.0 Hexes


You had 7 spell levels left.
You knew the following spells:

 Your Spells              Type           Power      Damage    Failure   Level
a - Slow                  Hex            16%        N/A       32%         1

Your spell library contained the following spells:

 Spells                   Type           Power      Damage    Failure   Level
 Inner Flame              Hex/Fire       2%         N/A       82%         3
 Portal Projectile        Hex/Tloc       4%         N/A       82%         3
 Cause Fear               Hex            2%         N/A       97%         4

Inventory:

Hand Weapons
 Y - a +1 sling (weapon)
Armour
 h - a +0 ring mail (worn)
Jewellery
 c - a ring of willpower (left hand)
Scrolls
 g - a scroll of identify
Potions
 a - a potion of might
 b - a potion of enlightenment
 e - a potion of haste
 j - 2 potions of curing

Dungeon Overview and Level Annotations

Branches:
Dungeon (5/15)             Temple (1/1) D:4

Altars:
Ashenzari
Cheibriados
Dithmenos
Elyvilon
Gozag
Nemelex Xobeh
Qazlal
Ru
Uskayaw
Wu Jian
Xom
Zin
The Shining One


Message History

You are poisoned.
The scorpion poisons you!
You shoot a sling bullet.
The sling bullet hits the scorpion but does no damage.
The scorpion is almost dead.
You feel very sick.
The scorpion stings you but does no damage.
You shoot a sling bullet.
The sling bullet completely misses the scorpion.
You feel sick. The scorpion stings you. x2
You are more poisoned.
The scorpion poisons you!
You shoot a sling bullet. The sling bullet hits the scorpion.
The scorpion is almost dead.
You feel very sick.
The scorpion stings you but does no damage.
You shoot a sling bullet.
The sling bullet barely misses the scorpion.
You feel very sick.
The scorpion stings you but does no damage.
The scorpion barely misses you.
You shoot a sling bullet.
The sling bullet hits the scorpion but does no damage.
The scorpion is almost dead.
You feel very sick. The scorpion stings you.
You shoot a sling bullet.
The sling bullet hits the scorpion but does no damage.
The scorpion is almost dead.
You feel sick. The scorpion stings you.
You are lethally poisoned!
The scorpion poisons you!
You shoot a sling bullet.
The sling bullet hits the scorpion but does no damage.
The scorpion is almost dead.
You feel very sick. The scorpion stings you. The scorpion closely misses you.
You shoot a sling bullet. The sling bullet hits the scorpion.
You kill the scorpion!
You die...

... #........#.# #
...##........#'### #.
...#............# .#
#..............# . .
#..............# ..
#.#....###'####.##
..#.#.#.............#
#...................###
#.....%@#.............#
#.....).#.............##
#..)...)#...............
#.......#..............>
#.......#..........####.
#.......#..........# #.
#.......#.......... #.
#.#####.# ####### #. #.


There were no monsters in sight!

Vanquished Creatures
  Grinder (D:4)
  A black bear (D:5)
  An ice beast (D:5)
  A phantom (D:4)
  A scorpion (D:5)
  An orc priest (D:5)
  An orc wizard (D:5)
  Robin (D:4)
  4 gnolls (D:3)
  4 adders
  4 worms
  2 dart slugs
  3 orcs
  3 ball pythons
  4 endoplasms
  3 giant cockroaches
  18 goblins
  8 hobgoblins
  A jackal (D:5)
  4 quokkas
  4 bats
  3 frilled lizards
  6 kobolds
  11 rats
90 creatures vanquished.

Notes
Turn   | Place    | Note
-------+----------+-------------------------------------------
     0 | D:1      | qw the Minotaur Hexslinger began the quest for the Orb.
     0 | D:1      | Reached XP level 1. HP: 16/16 MP: 1/1
     0 | D:1      | 0 ||| qw: Version: 0.3-a-52-g30416fa
     0 | D:1      | 0 ||| qw: Game counter: 5639
     0 | D:1      | 0 ||| qw: Melee chars always use a shield: true
     0 | D:1      | 0 ||| qw: God list: Okawaru
     0 | D:1      | 0 ||| qw: Allow faded altars: false
     0 | D:1      | 0 ||| qw: Do Orc after clearing Dungeon:15 true
     0 | D:1      | 0 ||| qw: Do second Lair branch before Depths: true
     0 | D:1      | 0 ||| qw: Lair rune preference: random
     0 | D:1      | 0 ||| qw: Goals: Normal
     0 | D:1      | 0 ||| PLANNING D:1-11
   167 | D:1      | Reached skill level 3 in Ranged Weapons
   168 | D:1      | Reached XP level 2. HP: 23/23 MP: 2/2
   631 | D:1      | 631 ||| UPGRADING to +0 ring mail.
   641 | D:1      | 641 ||| DROPPING +0 robe.
   642 | D:1      | 642 ||| READING 2 scrolls labelled GUULOO ZAARCHU.
   643 | D:1      | 643 ||| READING scroll labelled MUHOETSIXT.
   644 | D:1      | 644 ||| READING 3 scrolls labelled MOIZAEPPYA.
   645 | D:1      | 645 ||| DRINKING 2 fuming emerald potions.
   646 | D:1      | 646 ||| READING 2 scrolls of identify.
   646 | D:1      | 646 ||| IDENTIFYING golden potion
   647 | D:1      | 647 ||| DROPPING scroll of immolation.
   648 | D:1      | 648 ||| DROPPING scroll of poison.
   649 | D:1      | 649 ||| DROPPING potion of berserk rage.
   712 | D:2      | Reached XP level 3. HP: 29/29 MP: 3/3
   840 | D:2      | HP: 3/29 [worm (8)]
   841 | D:2      | 841 ||| DRINKING 2 potions of heal wounds.
   843 | D:2      | Reached skill level 4 in Ranged Weapons
  1008 | D:2      | Reached skill level 1 in Armour
  1061 | D:2      | You fall into a shaft and drop 1 floor!
  1122 | D:3      | 1122 ||| DROPPING +6 ring of intelligence.
  1123 | D:3      | 1123 ||| UPGRADING to ring of willpower.
  1124 | D:3      | 1124 ||| READING scroll labelled NEGIN EWEPP.
  1125 | D:3      | 1125 ||| READING scroll labelled POSURI LOUHAA.
  1130 | D:3      | 1130 ||| DRINKING 2 grey potions.
  1131 | D:3      | 1131 ||| DRINKING 2 sedimented sapphire potions.
  1405 | D:3      | Reached XP level 4. HP: 36/36 MP: 4/4
  1869 | D:3      | Reached skill level 5 in Ranged Weapons
  1878 | D:3      | HP: 7/36 [gnoll/+0 whip (6)]
  1879 | D:3      | 1879 ||| DRINKING potion of heal wounds.
  2305 | D:3      | 2305 ||| READING 2 scrolls of identify.
  2305 | D:3      | 2305 ||| IDENTIFYING white potion
  2376 | D:4      | Reached XP level 5. HP: 41/42 MP: 5/5
  2402 | D:4      | Found a staircase to the Ecumenical Temple.
  2403 | D:4      | 2403 ||| PLANNING TEMPLE
  2416 | Temple   | Entered the Ecumenical Temple
  2559 | Temple   | 2559 ||| PLANNING D:1-11
  2589 | D:4      | Noticed Grinder
  2610 | D:4      | Paralysed by Grinder for 4 turns
  2616 | D:4      | Killed Grinder
  2617 | D:4      | Reached XP level 6. HP: 40/56 MP: 6/6
  2730 | D:4      | Noticed Robin
  2742 | D:4      | HP: 12/56 [worm (7)]
  2747 | D:4      | HP: 7/56 [Robin/+0 club (1)]
  2751 | D:4      | Killed Robin
  2751 | D:4      | HP: 1/56 [goblin/+0 dagger[Robin] (5)]
  3127 | D:4      | 3127 ||| DRINKING 2 glowing black potions.
  3146 | D:4      | 3146 ||| READING 2 scrolls of identify.
  3146 | D:4      | 3146 ||| IDENTIFYING dark potion
  3147 | D:4      | 3147 ||| DROPPING potion of lignification.
  3169 | D:5      | Entered Level 5 of the Dungeon
  3172 | D:5      | 3172 ||| FLEEEEING.
  3173 | D:5      | 3173 ||| STAIRDANCE
  3479 | D:5      | Reached skill level 6 in Ranged Weapons
  3479 | D:5      | Reached XP level 7. HP: 19/61 MP: 7/7
  3486 | D:5      | 3486 ||| FLEEEEING.
  3673 | D:5      | Reached skill level 7 in Ranged Weapons
  3761 | D:5      | HP: 15/61 [scorpion (2)]
  3763 | D:5      | HP: 6/61 [poisoned by a scorpion]
  3764 | D:5      | Succumbed to a scorpion's poison

Levels and vault maps discovered:
D:1:      dpeg_arrival_tiny_j, layout_loops_ring
D:2:      layout_basic, minmay_fractal_squares_gapless_5
D:3:      layout_basic
D:4:      layout_rooms, temple_pool_b, uniq_robin, uniq_grinder
D:5:      layout_basic, uniq_ijyb, uniq_edmund
Temple:   hellmonk_temple_forest_ring

Skill      XL: |  1  2  3  4  5  6  7 |
---------------+----------------------+-----
Ranged Weapons | 3 4 5 6 7 |  7.3
Fighting       | 2 5 |  5.6
Armour         | 1 |  1.4
Dodging        | |  2.1
Spellcasting   | |  1.0
Hexes          | |  2.0

Action                     |  1- 3 |  4- 6 |  7- 9 || total
---------------------------+-------+-------+-------++-------
   Fire: Sling             |   135 |   175 |    48 ||   358
    Use: Scroll            |     6 |     2 |       ||     8
         Potion            |     4 |     2 |       ||     6
 Armour: Robe              |     3 |       |       ||     3
         Ring mail         |    12 |    38 |    10 ||    60
  Dodge: Dodged            |    29 |    74 |    13 ||   116

Table legend:
 A = Non-vault XP
 B = Vault XP
 C = Vault XP percentage of total XP
 D = Non-vault monster count
 E = Vault monster count
 F = Vault count percentage of total count
                 A         B        C        D         E       F
            +---------+---------+-------+---------+---------+-------
      Total |     747 |     321 |  30.1 |      75 |      15 |  16.7
            +---------+---------+-------+---------+---------+-------
        D:1 |      38 |       0 |   0.0 |      22 |       0 |   0.0
        D:2 |      43 |       6 |  12.2 |      17 |       3 |  15.0
        D:3 |     101 |       0 |   0.0 |      17 |       0 |   0.0
        D:4 |     146 |     315 |  68.3 |      12 |      12 |  50.0
        D:5 |     419 |       0 |   0.0 |       7 |       0 |   0.0
            +---------+---------+-------+---------+---------+-------
